[Event "Early-Titled-Tuesday-Blitz-August-29-2023"]
[Site "Chess.com"]
[Date "2023.08.29"]
[Round "7"]
[White "campochess"]
[Black "Gauravthegm"]
[Result "1/2-1/2"]
[WhiteElo "2202"]
[BlackElo "2409"]
[TimeControl "180+1"]
[EndTime "9:17:49 PDT"]
[Termination "Game drawn by repetition"]

1. c4 e5 2. Nc3 Nc6 3. g3 Nf6 4. d3 d5 5. cxd5 Nxd5 6. Bg2 Be6 7. Bd2 Be7 8. Nf3 O-O 9. O-O f6 10. Rc1 Qd7 11. Re1 Kh8 12. a3 Rad8 13. b4 a6 14. Na4 Qc8 15. Nc5 Bg4 16. Nxa6 bxa6 17. Rxc6 Qb7 18.
Qc2 Rd7 19. h3 Bh5 20. Nh4 Rc8 21. Nf5 Bf8 22. Ne3 Nxe3 23. Bxe3 Qb5 24. Qc4 Qxc4 25.
Rxc4 a5 26. Bc5 axb4 27. Bxb4 c5 28. Bd2 Ra7 29. Ra1 Bf7 30. Rc3 c4 31. Be4 g6 32.
dxc4 Rxc4 33. Rxc4 Bxc4 34. a4 Bxe2 35. a5 Bc5 36.
Rc1 Bd4 37. Rc8+ Kg7 38. Bb4 f5 39. Bf8+ Kf6 40. Bd5 Bb5 41. Bb4 Rd7 42. Bc6 Bxc6 43. Rxc6+ Kf7 44. a6 Ba7 45. Kf1 e4 46. Ke2 Ke8 47.
Bc5 Bxc5 48. Rxc5 Ra7 49. Rc6 Kd7 50. Rb6 Kc7 51. Rf6 Kd8 52. Ke3 Rd7 53. Rc6 Ra7 54. Kd4 Kd7 55. Rb6 Kc7 56. Rf6 Kb8 57. Kc5 Re7 58. Kb6 Re8 59. Rf7 h6 60. Rg7 Re6+ 61. Kb5 g5 62. Rg8+ Ka7 63. Rf8 f4 64. Rf7+ Kb8 65.
gxf4 gxf4 66. Rxf4 Re5+ 67. Kb6 Re6+ 68. Kb5 Re5+ 69.
Kc6 Re6+ 70. Kb5 1/2-1/2

[Event "Early-Titled-Tuesday-Blitz-August-29-2023"]
[Site "Chess.com"]
[Date "2023.08.29"]
[Round "7"]
[White "The_Princess_Moon"]
[Black "JoshuaGK27"]
[Result "0-1"]
[WhiteElo "2190"]
[BlackElo "2416"]
[TimeControl "180+1"]
[EndTime "9:17:49 PDT"]
[Termination "JoshuaGK27 won by resignation"]

1. e4 c5 2. Nf3 d6 3. c3 Nf6 4.
h3 Nc6 5. Bd3 e5 6. Bc2 Be7 7.
O-O g5 8. Nxg5 Rg8 9. d4 h6 10. d5 hxg5 11. dxc6 bxc6 12. Ba4 Qc7 13. Na3 g4 14.
hxg4 Bxg4 15. Qd3 Be6 16. b4 Nd7 17. Be3 cxb4 18. cxb4 Nb6 19. Bxb6 axb6 20. Qc2 Bd7 21. Nb5 Qb8 22. Nc3 b5 23. Bb3 Bh3 24. g3 Bxf1 25.
Kxf1 Qa7 26. Ne2 Qb6 27. Rc1 Rc8 28. Qd3 Qb8 29. Qf3 Rf8 30. a4 Qb7 31. a5 Qc7 32. Nc3 Qd7 33. Ra1 Ra8 34. Kg2 Bd8 35. Rh1 Bc7 36. Rh5 Kd8 37. Rf5 f6 38. Rxf6 Rxf6 39. Qxf6+ Kc8 40. Qf3 Kb7 41. Nd1 Re8 42. Ne3 Ka6 43. Nf5 Rf8 44. g4 d5 45. exd5 cxd5 46. Bxd5 Bd6 47. Bc6 Qe6 48. Qd5 Qxd5+ 49. Bxd5 Bxb4 50.
Ne3 Kxa5 51. g5 Bd2 52. Kg3 b4 53. g6 Rf6 54. Be4 Bxe3 55. fxe3 Rf8 56. Kg4 Rd8 57. Kg5 b3 58. g7 b2 59. Kg6 Kb4 60. Kh7 Kc3 61.
g8=Q Rxg8 62. Kxg8 Kd2 63. Kf7 Kxe3 64. Bb1 e4 65. Kf6 Kf3 66. Ke5 e3 67. Be4+ Kf2 68. Bd3 e2 69. Bxe2 Kxe2 0-1

[Event "Early-Titled-Tuesday-Blitz-August-29-2023"]
[Site "Chess.com"]
[Date "2023.08.29"]
[Round "7"]
[White "kinga2008"]
[Black "KevinGeorgeMicheal"]
[Result "1-0"]
[WhiteElo "2399"]
[BlackElo "2155"]
[TimeControl "180+1"]
[EndTime "9:17:49 PDT"]
[Termination "kinga2008 won on time"]

1. e4 c6 2. Nf3 d5 3. Nc3 Bg4 4.
d4 dxe4 5. Nxe4 Nd7 6. Bc4 Ngf6 7. Ng3 e6 8. O-O Bd6 9. h3 Bxf3 10. Qxf3 O-O 11. Bd3 Re8 12. Bg5 Be7 13. Rfe1 Nd5 14. Bxe7 Nxe7 15. Nh5 Ng6 16. Qg3 Nf6 17. Bxg6 hxg6 18.
Nxf6+ Qxf6 19. Rad1 Rad8 20. Re4 Rd7 21. c3 Red8 22.
Rde1 Rd5 23. Qc7 R5d7 24. Qg3 Rd5 25. Rh4 Rg5 26. Rg4 Rxg4 27. hxg4 Qe7 28. f3 c5 29. Rd1 cxd4 30. cxd4 Qb4 31. Qf2 Rd5 32.
a3 Qa4 33. Rc1 Qxd4 34. Rc8+ Kh7 35. Qxd4 Rxd4 36. Rc7 f5 37. g5 b5 38. Rxa7 b4 39. Ra4 Rd1+ 40. Kh2 bxa3 41. bxa3 e5 42. Kg3 Rd3 43. Ra8 e4 44. Kf2 Rd2+ 45. Ke3 Rxg2 46.
fxe4 Rg3+ 47. Kf2 Rg4 48. e5 Re4 49. Ra5 f4 50. a4 Kg8 51. Kf3 Re1 52. Kxf4 Kf7 53.
Ra7+ Ke6 54. Ra6+ Kf7 55. a5 1-0

[Event "Early-Titled-Tuesday-Blitz-August-29-2023"]
[Site "Chess.com"]
[Date "2023.08.29"]
[Round "7"]
[White "KrokerGuy"]
[Black "Chessmissile07"]
[Result "0-1"]
[WhiteElo "2497"]
[BlackElo "2820"]
[TimeControl "180+1"]
[EndTime "9:17:50 PDT"]
[Termination "Chessmissile07 won by resignation"]

1. e4 c5 2. Nf3 g6 3. d4 cxd4 4. Nxd4 Nf6 5. Nc3 d6 6. Be3 Bg7 7. f3 O-O 8. Qd2 Nc6 9. Bc4 Bd7 10. O-O-O Rb8 11. Bb3 Na5 12. Kb1 b5 13. Ka1 Nc4 14.
Bxc4 bxc4 15. g4 Qb6 16. Rb1 Qa5 17. Rhd1 Rb6 18. a3 Rfb8 19. g5 Nh5 20. Nd5 Qxd2 21.
Rxd2 R6b7 22. Nxe7+ Kf8 23. Nd5 Be6 24. Nb4 c3 25.
bxc3 a5 26. Nxe6+ fxe6 27. Bd4 axb4 28. Bxg7+ Nxg7 29. cxb4 Ke7 30. Rbd1 Rb6 31. Kb2 e5 32. h4 Ne6 33. c3 Rf8 34. Rd3 Rf4 35. Rh1 Ng7 36. a4 Rf8 37. a5 Rb7 38. Rhd1 Rd8 39. Kb3 Ne6 40. Kc2 Nf4 41. R3d2 Rdd7 42. a6 Rb6 43.
Ra1 Ra7 44. c4 Rxb4 45. Kc3 Rb6 46. Rda2 Ne6 47. Ra5 Nc5 48. Rb5 Raxa6 49. Rxa6 Rxa6 50. Rb8 Ra3+ 51. Kd2 Rxf3 52. Rh8 Nxe4+ 53. Ke2 Rf7 54. Ke3 Ng3 55. Rc8 Nf5+ 56. Ke4 Ke6 57. Re8+ Ne7 58. Rh8 Rf4+ 59. Kd3 Rxh4 0-1

[Event "Early-Titled-Tuesday-Blitz-August-29-2023"]
[Site "Chess.com"]
[Date "2023.08.29"]
[Round "7"]
[White "WildTricks"]
[Black "YEIKO2017"]
[Result "1-0"]
[WhiteElo "2651"]
[BlackElo "2458"]
[TimeControl "180+1"]
[EndTime "9:17:50 PDT"]
[Termination "WildTricks won on time"]

1. e4 c5 2. Nf3 d6 3. d4 cxd4 4. Qxd4 Nc6 5. Bb5 Bd7 6. Bxc6 Bxc6 7. Nc3 Nf6 8. Bg5 e6 9. O-O-O Be7 10. Qd3 h6 11. Bh4 Qa5 12. Nd4 Rc8 13. f4 g5 14.
fxg5 hxg5 15. Bg3 a6 16. Nb3 Qc7 17. Rhf1 Nd7 18. Qf3 Rf8 19. Qh5 Ne5 20. Nd4 Bd7 21. Bxe5 dxe5 22. Nf3 b5 23. Rd2 b4 24. Nd1 Qc4 25.
Nxe5 Qxf1 26. Nxd7 Rg8 27. b3 Qf4 28. Qh7 Rf8 29. Nxf8 Bxf8 30. g3 Qe5 31. Kb1 Bg7 32. c3 bxc3 33. Qg8+ Ke7 34. Qxc8 cxd2 35. Qb7+ Kf6 36.
Kc2 Kg6 37. Kxd2 Qd4+ 38. Ke2 Qa1 39. a4 Qa2+ 40. Kd3 Qb1+ 41. Kd2 Qa2+ 42. Kd3 Qb1+ 43.
Kd2 Qa2+ 44. Ke1 Qc2 45. Qxa6 Qxh2 46. Qd3 Be5 47. Qf3 Bxg3+ 48. Kf1 Bf4 49. Nf2 Qh8 50. a5 Qa1+ 51. Kg2 Qxa5 52. Qd3 Qd2 53. Qf3 Qd1 54. Qxd1 Be3 55. Qc2 g4 56. e5+ 1-0

[Event "Early-Titled-Tuesday-Blitz-August-29-2023"]
[Site "Chess.com"]
[Date "2023.08.29"]
[Round "7"]
[White "Caisachess"]
[Black "NovozhilovSemen"]
[Result "0-1"]
[WhiteElo "2332"]
[BlackElo "2523"]
[TimeControl "180+1"]
[EndTime "9:17:50 PDT"]
[Termination "NovozhilovSemen won on time"]

1. e4 e6 2. d4 d5 3. Bd3 c5 4. exd5 exd5 5. Nf3 Nf6 6. O-O h6 7. Re1+ Be7 8. dxc5 O-O 9. b4 a5 10. c3 Na6 11.
Qb3 Ne4 12. Nbd2 axb4 13. cxb4 Bf6 14. Bb2 Naxc5 15. bxc5 Nxc5 16. Bxf6 Nxb3 17. Bxd8 Nxa1 18. Be7 Re8 19. Bb5 Nc2 20. Bxe8 Nxe1 21. Nxe1 Ra6 22. Bb5 Re6 23. Kf1 Rxe7 24. Nef3 Rc7 25. a4 Rc3 26.
Ke2 Bg4 27. h3 Bh5 28. g4 Bg6 29. Nd4 Rxh3 30. N2f3 h5 31. Bd7 hxg4 32. Bxg4 Rh1 33. Nb5 Ra1 34. Nc3 Be4 35. Nd4 Ra3 36. Kd2 g6 37.
Bc8 b6 38. Bb7 f5 39. f3 g5 40. fxe4 dxe4 41. Nxf5 e3+ 42. Nxe3 Kf7 43. Bd5+ Ke7 44. Nc4 Ra1 45. Nxb6 Kd6 46. Nc4+ Kc5 47. Bf7 g4 48.
Ne4+ Kd4 49. Ng3 Ra2+ 50. Kc1 Rf2 51. Nd2 Rxf7 52. Nb3+ Kc3 53. Ne2+ Kxb3 54. Nd4+ Kc4 55. Nc6 Rf5 56. a5 g3 57. a6 g2 0-1

[Event "Early-Titled-Tuesday-Blitz-August-29-2023"]
[Site "Chess.com"]
[Date "2023.08.29"]
[Round "7"]
[White "EvgenyBurmakin"]
[Black "Quattroporte300"]
[Result "1-0"]
[WhiteElo "2291"]
[BlackElo "2418"]
[TimeControl "180+1"]
[EndTime "9:17:50 PDT"]
[Termination "EvgenyBurmakin won on time"]

1. e4 c5 2. Nc3 Nc6 3. Bb5 Nd4 4. Bc4 e6 5. Nf3 Nxf3+ 6. Qxf3 d6 7. O-O Nf6 8. d3 Be7 9. Qg3 O-O 10. f4 d5 11.
Bb3 d4 12. Ne2 b5 13. a4 c4 14. Ba2 a6 15. Bd2 cxd3 16. cxd3 Bb7 17. f5 exf5 18. Rxf5 Qd7 19. Raf1 Kh8 20. e5 Nd5 21.
Rxf7 Rxf7 22. Rxf7 Rg8 23. Nxd4 Qe8 24. Rxe7 Qxe7 25.
Nf5 Qc5+ 26. d4 Qc2 27. Qf2 Rf8 28. g4 Qe4 29. Qg3 Ne7 30. Be6 Nxf5 31. gxf5 Qxd4+ 32. Be3 Qd1+ 33. Kf2 Qc2+ 34. Kf1 Rxf5+ 35. Bxf5 Qxf5+ 36. Ke1 Qb1+ 37. Ke2 Qxb2+ 38. Ke1 Qb1+ 39. Kd2 Qa2+ 40.
Ke1 Qxa4 41. e6 Qb4+ 42. Kf2 Qf8+ 43. Ke1 Bd5 44. Qe5 Bc4 45. Bd4 Kg8 46. e7 Qf1+ 47. Kd2 Qd3+ 48. Kc1 Qf1+ 49. Kb2 Qg2+ 50. Kc3 Qf3+ 51.
Kb4 Qb3+ 52. Kc5 Qa3+ 53. Kb6 1-0

[Event "Early-Titled-Tuesday-Blitz-August-29-2023"]
[Site "Chess.com"]
[Date "2023.08.29"]
[Round "7"]
[White "brm72"]
[Black "GasconJR"]
[Result "1-0"]
[WhiteElo "2565"]
[BlackElo "2657"]
[TimeControl "180+1"]
[EndTime "9:17:51 PDT"]
[Termination "brm72 won by resignation"]

1. e4 e5 2. Nf3 Nc6 3. d4 exd4 4. Nxd4 d6 5. Nc3 g6 6. Be3 Bg7 7. Qd2 Nf6 8. f3 O-O 9. O-O-O Be6 10. g4 Nd7 11. h4 Nde5 12. Be2 Nxd4 13. Bxd4 b5 14.
h5 b4 15. Nd5 c5 16. Be3 Bxd5 17. Qxd5 Qa5 18. f4 Nd7 19. hxg6 hxg6 20. Bc4 Nb6 21. Qd3 Nxc4 22. Qxc4 b3 23. axb3 d5 24. Qa4 Qc7 25. Rxd5 Rfe8 26. e5 Rab8 27. Rhd1 g5 28. Qc4 Rb4 29. Qxc5 Qxc5 30. Bxc5 Rxf4 31. Bxa7 Bxe5 32.
Bd4 f6 33. Bxe5 fxe5 34. Re1 Rxg4 35. Rexe5 Rxe5 36. Rxe5 Kf7 37. c4 Kf6 38. Re8 Rf4 39.
Rg8 g4 40. Kc2 Ke6 41. Kc3 Kd6 42. Kb4 Kc6 43. Rg6+ Kc7 44. Kb5 Rf2 45. Rxg4 Rxb2 46. b4 Rf2 47. c5 Rf7 48. Rg6 Rh7 49. Ra6 Kb7 50. c6+ Kb8 51. Kb6 Rh4 52. b5 Rh7 53.
Ra1 Rb7+ 54. Kc5 Rh7 55. Rf1 Rh5+ 56. Kb6 Rh8 57. Rf7 Rc8 58. Rb7+ Ka8 59. Ra7+ Kb8 60. c7+ 1-0

[Event "Early-Titled-Tuesday-Blitz-August-29-2023"]
[Site "Chess.com"]
[Date "2023.08.29"]
[Round "7"]
[White "seopie"]
[Black "MBA_CHESS_2021"]
[Result "0-1"]
[WhiteElo "2655"]
[BlackElo "2320"]
[TimeControl "180+1"]
[EndTime "9:17:52 PDT"]
[Termination "MBA_CHESS_2021 won by resignation"]

1. e4 e5 2. Nf3 Nc6 3. Bb5 Nd4 4. Nxd4 exd4 5. O-O Bc5 6. d3 c6 7. Bc4 d5 8. exd5 cxd5 9. Bb5+ Bd7 10. Bxd7+ Qxd7 11. Nd2 Ne7 12. Nb3 Bb6 13. Bd2 O-O 14. Re1 Rfe8 15. a4 a6 16. g3 Rac8 17. a5 Ba7 18. Rc1 Ng6 19. Rxe8+ Qxe8 20. Qh5 Qd7 21. h4 f6 22.
Kg2 Qf7 23. Qf3 Ne5 24. Qf5 Rc6 25. h5 g6 26. hxg6 hxg6 27. Qh3 Qh7 28. Qxh7+ Kxh7 29. f4 Ng4 30. Kf3 f5 31. c3 dxc3 32. bxc3 Kg7 33.
Re1 Kf7 34. Rh1 Kg7 35. Rb1 b5 36. axb6 Rxb6 37. c4 dxc4 38. dxc4 Rd6 39. Bc3+ Kf7 40. Ke2 Re6+ 41. Kd2 Be3+ 42. Kc2 Bf2 43. Nd4 Rd6 44. Rb7+ Ke8 45. Ne2 Ne3+ 46. Kb3 Re6 47. Nd4 Rd6 48. c5 Rd7 49. c6 Rd8 50. Rh7 Nd5 51. Ne6 Rb8+ 52.
Kc4 Nxc3 53. Kxc3 Be1+ 54. Kc2 Rb4 55. c7 Rc4+ 56. Kd3 Rc6 57. Ke2 Rxe6+ 58. Kf3 Rc6 59. Ke2 Bc3 60. Kd3 Bf6 61. Ke3 Be7 62.
Rh8+ Kd7 0-1

[Event "Early-Titled-Tuesday-Blitz-August-29-2023"]
[Site "Chess.com"]
[Date "2023.08.29"]
[Round "7"]
[White "hakanazeri2"]
[Black "AlexNovitz"]
[Result "0-1"]
[WhiteElo "2685"]
[BlackElo "2257"]
[TimeControl "180+1"]
[EndTime "9:17:54 PDT"]
[Termination "AlexNovitz won by resignation"]

1. c4 c5 2. Nf3 Nc6 3. Nc3 g6 4. g3 Bg7 5. Bg2 e5 6. O-O Nge7 7. e3 d6 8. d4 exd4 9. exd4 O-O 10. d5 Nd4 11. Nxd4 Bxd4 12. Nb5 Be5 13. Bg5 a6 14.
Nc3 Qc7 15. Re1 Nf5 16. Ne4 f6 17. Bc1 Bd7 18. Kh1 Rae8 19. g4 Nh4 20. Bh6 Nxg2 21. Kxg2 Rf7 22. f4 Bxb2 23. Rb1 Bd4 24. Qe2 Rfe7 25.
Qf3 f5 26. gxf5 Bxf5 27. Ng3 Rxe1 28. Rxe1 Rxe1 29. Nxf5 gxf5 30. Qg3+ Kf7 31. Qh3 Qd7 32. Qh5+ Kg8 33. Qg5+ Kf7 34. Qh5+ Ke7 35. Bg5+ Kf8 36. Bh6+ Bg7 37. Bg5 Ra1 38. Qxh7 Rxa2+ 39. Kg3 Qf7 40. Kh4 Ke8 41. Kg3 Bf6 42. Qh6 Bxg5 43. Qxg5 Ra3+ 44. Kh4 Ra2 45. Kg3 Kf8 46. Qd8+ Kg7 47. Kf3 Ra3+ 48. Kf2 Ra2+ 49. Ke3 Ra3+ 50. Kd2 Ra2+ 51. Kc3 Rxh2 52. Kb3 Rh3+ 53. Ka4 b5+ 54. Ka5 Rg3 55. Qxd6 Ra3+ 56. Kb6 bxc4 57. Qxc5 Rb3+ 58. Kxa6 Qb7+ 59. Ka5 Qa8+ 0-1

[Event "Early-Titled-Tuesday-Blitz-August-29-2023"]
[Site "Chess.com"]
[Date "2023.08.29"]
[Round "7"]
[White "AquivaRubinstein"]
[Black "tylityli"]
[Result "1/2-1/2"]
[WhiteElo "2473"]
[BlackElo "2359"]
[TimeControl "180+1"]
[EndTime "9:17:55 PDT"]
[Termination "Game drawn by repetition"]

1. d4 Nf6 2. c4 e6 3. Nf3 Bb4+ 4.
Nbd2 b6 5. a3 Bxd2+ 6. Nxd2 Bb7 7.
f3 d5 8. e3 O-O 9. Bd3 c5 10. dxc5 bxc5 11. O-O Nc6 12. b3 Ne5 13. Be2 d4 14. f4 Ng6 15. Bf3 dxe3 16. Bxb7 exd2 17.
Qxd2 Rb8 18. Bf3 Qxd2 19. Bxd2 Rxb3 20. g3 Ne7 21. Bd1 Rd3 22. Be1 Nc6 23. Be2 Rd6 24.
Bf2 Nd4 25. Bxd4 Rxd4 26. Rab1 Rfd8 27. Rb7 R4d7 28. Rfb1 Kf8 29. Bf3 Rxb7 30. Rxb7 Rd7 31. Rb8+ Ke7 32. Rc8 Rd3 33. Kg2 Rxa3 34. Rc7+ Kf8 35.
Rc8+ Ke7 36. Rc7+ Kf8 37. Rxc5 g6 38. Rc8+ Kg7 39. c5 Nd5 40. c6 Rc3 41. Bxd5 exd5 42. Kf2 d4 43. Ke2 a5 44. Kd2 a4 45. Ra8 Rxc6 46. Rxa4 Rb6 47. Ra2 Rb4 48. Kd3 h5 49. Re2 Kf6 50. Re4 Rb2 51. Rxd4 Rxh2 52. Ke3 Rb2 53. Kf3 Rb3+ 54. Kf2 Rb2+ 55. Kf3 Rb6 56. Rc4 Re6 57. Rc5 Kg7 58. Rb5 Kf6 59. Rc5 Rd6 60. Rb5 Ra6 61. Rc5 Re6 62. Rb5 Kg7 63. Rc5 Kf6 64.
Rb5 Rc6 65. Kg2 Re6 66. Kh3 Rd6 67. Rc5 Re6 68. Kg2 Rd6 69. Kf3 Re6 1/2-1/2

[Event "Early-Titled-Tuesday-Blitz-August-29-2023"]
[Site "Chess.com"]
[Date "2023.08.29"]
[Round "7"]
[White "RobertoJBM"]
[Black "Macron20hTF1"]
[Result "1-0"]
[WhiteElo "2824"]
[BlackElo "2622"]
[TimeControl "180+1"]
[EndTime "9:17:56 PDT"]
[Termination "RobertoJBM won by resignation"]

1. d4 d5 2. c4 c6 3. Nc3 Nf6 4. Nf3 e6 5. Bg5 h6 6. Bh4 dxc4 7. e4 g5 8. Bg3 b5 9. Be2 Bg7 10. O-O b4 11. Na4 Nxe4 12. Bxc4 g4 13. Ne5 Nxg3 14.
hxg3 Bxe5 15. dxe5 Qxd1 16. Raxd1 Nd7 17. Rfe1 Bb7 18.
Rd4 O-O-O 19. Rf4 Rhf8 20. Rxg4 c5 21. Bb5 Bd5 22. b3 f6 23. exf6 Nxf6 24. Rf4 Nd7 25. Rh4 Rf6 26. f3 Rg8 27. g4 a5 28. Rh5 Rg5 29. Rxg5 hxg5 30. Bxd7+ Kxd7 31. Nxc5+ Kc6 32. Nd3 Rf8 33. Kf2 Kd6 34. Rc1 Ra8 35. Nb2 Rh8 36. Nc4+ Bxc4 37. Rxc4 Rh1 38. Rd4+ Ke5 39. Re4+ Kf6 40.
Re1 Rh8 41. Rc1 Rd8 42. Ke3 Rd5 43. g3 Re5+ 44. Kf2 Rd5 45. Rc2 Rd1 46. f4 Ra1 47. Kf3 Rf1+ 48. Rf2 Ra1 49. Rh2 Kg6 50. Re2 Kf6 51.
fxg5+ Kxg5 52. Rxe6 Rxa2 53. Re5+ Kf6 54. Rb5 Ra3 55.
Kf4 Rxb3 56. Rxa5 Rb1 57. Ra6+ Kg7 58. Kg5 b3 59. Ra7+ Kf8 60. Rb7 b2 61. Kg6 Rg1 62. Rxb2 Rxg3 63. Rb8+ Ke7 64. g5 Ra3 65. Kh7 Rh3+ 66.
Kg7 Ra3 67. g6 Ra7 68. Rf8 Ke6+ 69. Kh6 Ra1 70. g7 Rh1+ 71. Kg6 Rg1+ 72. Kh7 Ke7 1-0

[Event "Early-Titled-Tuesday-Blitz-August-29-2023"]
[Site "Chess.com"]
[Date "2023.08.29"]
[Round "7"]
[White "Mikedannnn"]
[Black "sokidze"]
[Result "1-0"]
[WhiteElo "2597"]
[BlackElo "2748"]
[TimeControl "180+1"]
[EndTime "9:17:57 PDT"]
[Termination "Mikedannnn won on time"]

1. d4 Nf6 2. c4 e6 3. Nc3 Bb4 4. Nf3 b6 5. g3 Bb7 6. Bg2 O-O 7. O-O Bxc3 8. bxc3 d6 9. Re1 Nc6 10.
e4 Na5 11. Qd3 Ba6 12. Nd2 d5 13. exd5 exd5 14. Qf3 Nxc4 15. Nxc4 Bxc4 16. Bg5 c6 17. Bf1 Bxf1 18. Kxf1 Qd6 19. Bxf6 Qxf6 20. Qxf6 gxf6 21. a4 Rfe8 22. a5 b5 23. Re3 Rxe3 24. fxe3 f5 25. Ke2 Kg7 26. Kd3 Kf6 27. Rf1 h5 28. Rf4 Re8 29. Rh4 Kg5 30. Rf4 Re4 31. Ke2 Re8 32. Kd3 Re7 33. Rf2 Re4 34. Rf3 h4 35. gxh4+ Rxh4 36.
Rf2 f4 37. Rg2+ Kf5 38. exf4 Rh3+ 39. Kc2 Kxf4 40. Rf2+ Rf3 41. Rg2 f5 42. Rg7 a6 43.
Rc7 Rf2+ 44. Kb3 Rxh2 45. Rxc6 Ke3 46. Rxa6 f4 47. Re6+ Kf2 48. a6 f3 49. Kb4 Kg2 50.
Kxb5 f2 51. Rf6 1-0

[Event "Early-Titled-Tuesday-Blitz-August-29-2023"]
[Site "Chess.com"]
[Date "2023.08.29"]
[Round "7"]
[White "platy3"]
[Black "PeshkaCh"]
[Result "1-0"]
[WhiteElo "2931"]
[BlackElo "2795"]
[TimeControl "180+1"]
[EndTime "9:17:58 PDT"]
[Termination "platy3 won by checkmate"]

1. c4 e5 2. Nc3 Nf6 3. Nf3 Nc6 4. d3 d5 5. cxd5 Nxd5 6. g3 Be7 7. Bg2 Be6 8. O-O O-O 9. a3 a5 10. Bd2 f6 11. Nxd5 Bxd5 12. Bc3 Qd7 13. Nd2 Bxg2 14. Kxg2 Qd5+ 15. Kg1 Rad8 16. Rb1 Rfe8 17. b4 axb4 18.
axb4 Ra8 19. b5 Nd4 20. Bxd4 exd4 21. Qb3 Qxb3 22. Nxb3 Ra4 23. Rfc1 Bd6 24. Nc5 Bxc5 25. Rxc5 Rxe2 26. Rxc7 Raa2 27. Rf1 h5 28. Rxb7 Red2 29. b6 Rab2 30. h4 Kh7 31. Rd7 Rxd3 32. Re1 Rxb6 33.
Ree7 Kg6 34. Rxg7+ Kf5 35. Kg2 Rb2 36. Rd5+ Ke6 37.
Rxh5 Rdd2 38. Kf3 Rxf2+ 39. Ke4 Rbe2+ 40. Kxd4 Rd2+ 41. Kc5 Rc2+ 42. Kb6 Rf3 43. Rb5 Rfc3 44. g4 Rc6+ 45. Kb7 R6c4 46. h5 Rh2 47. Rb6+ Ke5 48. Re7+ Kf4 49. Rg7 Kg3 50. Rxf6 Rxg4 51. h6 Rh3 52.
Kc7 Rh2 53. Kd8 Rd2+ 54. Ke8 Ra2 55. Kf7 Ra7+ 56. Kg8 Ra8+ 57. Kh7 Kh4 58. Rxg4+ Kxg4 59. Kg7 Kg5 60. h7 Rb8 61. Rf7 Rc8 62. h8=Q Rc6 63.
Qh7 Rb6 64. Rf5+ Kg4 65. Qh5+ Kg3 66. Rf3+ Kg2 67. Qh3+ Kg1 68. Rf1# 1-0

[Event "Early-Titled-Tuesday-Blitz-August-29-2023"]
[Site "Chess.com"]
[Date "2023.08.29"]
[Round "7"]
[White "GalaxyRoman"]
[Black "Kaua18"]
[Result "1-0"]
[WhiteElo "2708"]
[BlackElo "2491"]
[TimeControl "180+1"]
[EndTime "9:18:00 PDT"]
[Termination "GalaxyRoman won by resignation"]

1. e4 c5 2. Nc3 e6 3. f4 Nc6 4. Nf3 d5 5. Bb5 Bd7 6. exd5 exd5 7.
Qe2+ Qe7 8. Nxd5 Qxe2+ 9. Bxe2 O-O-O 10. Ne3 Bd6 11. g3 Nf6 12. O-O Rhe8 13. Re1 Ng4 14. b3 Nb4 15. Bd1 c4 16. Bb2 Bc5 17. Bd4 Bxd4 18.
Nxd4 Nxe3 19. dxe3 Bc6 20. Kf2 Be4 21. a3 Nc6 22.
Nxc6 bxc6 23. Bf3 Bxc2 24. bxc4 Kc7 25. Rac1 Bd3 26. Be2 Be4 27. Red1 Rb8 28. Rd2 Rb3 29. Rcd1 Re7 30. Bd3 Rxa3 31. Bxe4 Rxe4 32. Rd7+ Kb6 33. Rxf7 Raxe3 34. Rxg7 Re2+ 35. Kf3 R4e3+ 36. Kg4 Rxh2 37. Rdd7 h5+ 38. Kf5 a5 39. Rb7+ Kc5 40. Ra7 Ra3 41. Kf6 Kxc4 42. f5 Rf2 43. Rac7 c5 44. Rg5 a4 45.
Kg6 Raf3 46. Ra7 Kb4 47. Kxh5 Rxf5 48. Rxf5 Rxf5+ 49. Kh4 a3 50. g4 Rf4 51. Kg3 Rf6 52. g5 Rg6 53. Kg4 Kb3 54. Kf5 Rg8 55. Rb7+ Kc3 56. Ra7 Kb2 57. Rb7+ Ka1 58. Rc7 a2 59. Rxc5 Rb8 60. Ra5 Kb2 61. g6 Rb5+ 62.
Rxb5+ Kc2 63. Ra5 1-0

[Event "Early-Titled-Tuesday-Blitz-August-29-2023"]
[Site "Chess.com"]
[Date "2023.08.29"]
[Round "7"]
[White "MatyChess1"]
[Black "Muracle"]
[Result "1-0"]
[WhiteElo "2688"]
[BlackElo "2500"]
[TimeControl "180+1"]
[EndTime "9:18:04 PDT"]
[Termination "MatyChess1 won by checkmate"]

1. d4 Nf6 2. Bf4 g6 3. e3 Bg7 4. h3 O-O 5. Nf3 c5 6. c3 b6 7.
Be2 Bb7 8. O-O d5 9. a4 Nc6 10.
Nbd2 Nd7 11. Qb3 e5 12. dxe5 Ndxe5 13. Nxe5 Nxe5 14. a5 d4 15. cxd4 cxd4 16. exd4 Qxd4 17. Be3 Qd5 18. Qxd5 Bxd5 19. axb6 axb6 20. Bxb6 Rab8 21. Bd4 Nc6 22. Bxg7 Kxg7 23. Rfb1 Nd4 24. Bc4 Bxc4 25. Nxc4 Rb4 26. Ne3 Rfb8 27. Ra7 Rxb2 28. Rxb2 Rxb2 29. Nc4 Rb1+ 30. Kh2 Nf5 31. Ne5 Nd6 32. Rd7 Rb6 33. g4 Kf6 34. Nf3 g5 35. h4 h6 36. Ra7 Ne4 37. Kg1 Rb1+ 38. Kg2 Rb2 39. Ra6+ Kg7 40. Nd4 Rxf2+ 41. Kh3 Rd2 42. Nf5+ Kh7 43. Rxh6+ Kg8 44. Ra6 Rd3+ 45. Kg2 Kh7 46. h5 Nd2 47. Rf6 Nc4 48.
Rxf7+ Kg8 49. Rg7+ Kh8 50. Rxg5 Nd2 51. Rg6 Ne4 52.
Rh6+ Kg8 53. Re6 Ng5 54. Re3 Rd2+ 55. Kg3 Rd7 56. Kf4 Nf7 57. Re8+ Kh7 58. Re7 Rxe7 59. Nxe7 Kg7 60. g5 Nh8 61. g6 Kf6 62. Nd5+ Kg7 63.
Kg5 Kg8 64. Kf6 Kf8 65. g7+ Kg8 66. Ne7+ Kh7 67. g8=Q+ Kh6 68. Qg5+ Kh7 69. Qg7# 1-0

[Event "Early-Titled-Tuesday-Blitz-August-29-2023"]
[Site "Chess.com"]
[Date "2023.08.29"]
[Round "7"]
[White "Angry_Twin"]
[Black "baki83"]
[Result "1-0"]
[WhiteElo "2965"]
[BlackElo "2837"]
[TimeControl "180+1"]
[EndTime "9:18:09 PDT"]
[Termination "Angry_Twin won on time"]

1. e4 c5 2. Nf3 d6 3. Bb5+ Bd7 4. Bxd7+ Nxd7 5. O-O e6 6. b3 Be7 7. Bb2 Bf6 8. c3 Ne7 9. d4 cxd4 10. cxd4 Nc6 11. Nbd2 O-O 12. Re1 Rc8 13. Nc4 Nb6 14. Ne3 d5 15. e5 Be7 16. a3 Na5 17. Qd3 Qd7 18. h4 a6 19. a4 Nc6 20. h5 Nb4 21. Qd2 a5 22. h6 g6 23. Rac1 Rxc1 24. Rxc1 Rc8 25.
Ng4 Rxc1+ 26. Bxc1 Qd8 27. Qe3 Nd7 28. Bd2 Qc7 29. Qc3 Qxc3 30. Bxc3 Nc6 31. Kf1 b6 32. Bd2 f5 33. exf6 Nxf6 34. Nge5 Nxe5 35. Nxe5 Bd6 36.
Nd3 Ne4 37. Be3 Kf7 38. Ke2 Ke7 39. f3 Ng3+ 40. Kd2 Nf1+ 41. Ke2 Nxe3 42. Kxe3 Kf6 43. f4 g5 44. g4 Kg6 45. fxg5 Kxg5 46.
Kf3 Kxh6 47. Ne1 Kg5 48. Ng2 Bb4 49. Ne3 Bc3 50. Nc2 Bb2 51. Kg3 Bc3 52. Kf3 Bd2 53. Kg3 Bf4+ 54. Kf3 Bc1 55. Ne1 Bb2 56. Nc2 Bc3 57.
Kg3 Kf6 58. Kf4 e5+ 59. dxe5+ Bxe5+ 60. Kf3 Bc3 61. Ne3 Ke5 62. Nf5 d4 63. Ng3 Be1 64. Nf1 Bh4 65. Nd2 Bd8 66. Nc4+ Kd5 67. Nd2 Bg5 68. Ne4 1-0

[Event "Early-Titled-Tuesday-Blitz-August-29-2023"]
[Site "Chess.com"]
[Date "2023.08.29"]
[Round "7"]
[White "GMBenjaminBok"]
[Black "Iball95"]
[Result "1/2-1/2"]
[WhiteElo "2915"]
[BlackElo "2786"]
[TimeControl "180+1"]
[EndTime "9:18:09 PDT"]
[Termination "Game drawn by repetition"]

1. d4 d5 2. c4 e6 3. Nc3 c5 4. cxd5 cxd4 5. Qa4+ Bd7 6. Qxd4 exd5 7. Qxd5 Nf6 8. Qd1 Bc5 9. Nf3 O-O 10. a3 Re8 11. e3 Qe7 12. Be2 Nc6 13. b4 Bb6 14.
O-O Rad8 15. Bb2 Ne5 16. Nd5 Nxf3+ 17. Bxf3 Nxd5 18. Qxd5 Bc6 19. Qh5 Bxf3 20. Qxf3 Rd2 21. Bc3 Rc2 22. Rfc1 Rxc1+ 23. Rxc1 h6 24. Qg4 f6 25. g3 Kh8 26. Bd4 Bxd4 27. Qxd4 b6 28. Qg4 a5 29. h4 axb4 30. axb4 Rd8 31. b5 Rd5 32. Rc8+ Kh7 33. Qc4 Qd7 34. Rc6 Qf5 35. Kg2 Rxb5 36. e4 Qe5 37. Rc8 Rc5 38. Qg8+ Kg6 39. Re8 Qc7 40. Qe6 Re5 41. h5+ Kxh5 42. Qh3+ Kg6 43. Rc8 Qe7 44. f3 Kh7 45. Rb8 Qc7 46. Rc8 Qe7 47. Ra8 Rc5 48. Qg4 Rc2+ 49. Kh3 Rc7 50. Qf5+ g6 51. Qd5 Qd7+ 52. Qxd7+ Rxd7 53.
Rb8 Rd6 54. Rb7+ Kg8 55. Kg4 h5+ 56. Kf4 Kf8 57. e5 fxe5+ 58. Kxe5 Rc6 59. g4 hxg4 60. fxg4 Kg8 61. Kd5 Rf6 62. Ke5 Rc6 63. Kd5 Rc5+ 64.
Ke6 Rg5 65. Kf6 Rxg4 66. Rxb6 Kh7 67. Rb1 Rf4+ 68. Kg5 Rf5+ 69. Kg4 Ra5 70. Rh1+ Kg7 71. Rb1 Kh6 72. Rh1+ Kg7 73. Rb1 Ra4+ 74. Kg5 Ra5+ 75. Kg4 1/2-1/2